 Dungeon Crawl Stone Soup version 0.27.0-1-g7a089689b8 (webtiles) character file.

Game seed: 9465099306655634572

246240 agentchuck the Warrior (level 19, -3/177 HPs)
             Began as a Minotaur Berserker on Aug 11, 2021.
             Was the Champion of Trog.
             Slain by a deep troll (17 damage)
             ... led by an ironbound preserver
             ... on level 3 of the Vaults.
             The game lasted 01:32:41 (51009 turns).

agentchuck the Warrior (Minotaur Berserker)        Turns: 51009, Time: 01:32:41

Health: -3/177     AC: 27    Str: 27    XL:     19   Next: 19%
Magic:  0/18       EV: 12    Int:  4    God:    Trog [******]
Gold:   3027       SH: 21    Dex: 13    Spells: 18/18 levels left

rFire    + . .     SeeInvis .   e - +3 eveningstar
rCold    + . .     Faith    .   K - +0 tower shield
rNeg     . . .     Spirit   +   H - +2 plate armour {rPois}
rPois    +         Reflect  .   (helmet restricted)
rElec    .         Harm     .   W - scarf {rC+ rF+}
rCorr    .         Rampage  .   X - +2 pair of gloves
Will     ++...                  S - +2 pair of boots {Stlth+}
Stlth    ..........             G - amulet of guardian spirit
HPRegen  0.39/turn              Y - +4 ring of slaying
MPRegen  0.16/turn              A - ring of willpower

@: about to teleport, on berserk cooldown, slowed, very slow
A: horns 2, retaliatory headbutt, claws 1, MP-powered wands
}: 1/15 runes: decaying
a: Renounce Religion, Berserk, Trog's Hand, Brothers in Arms


You were on level 3 of the Vaults.
You worshipped Trog.
Trog was exalted by your worship.
You visited 4 branches of the dungeon, and saw 28 of its levels.
You also visited: Bailey.

You collected 3258 gold pieces.
You spent 231 gold pieces at shops.


Innate Abilities, Weirdness & Mutations

You have a pair of horns on your head.
You reflexively headbutt those who attack you in melee.
You have sharp fingernails.
You expend magic power (3 MP) to strengthen your wands.


   Skills:
 + Level 17.3 Fighting
 - Level 6.8 Long Blades
 - Level 15.7(16.0) Axes
 + Level 4.6(11.5) Maces & Flails
 - Level 1.6 Crossbows
 - Level 11.3 Throwing
 * Level 16.6 Armour
 - Level 14.9 Dodging
 - Level 15.0 Shields
 + Level 11.4 Evocations


You had 18 spell levels left.
You didn't know any spells.
Your spell library contained the following spells:

 Spells                   Type           Power      Damage    Failure   Level
 Corpse Rot               Necr/Air       N/A        N/A       100%        2
 Cause Fear               Hex            0%         N/A       100%        4
 Dispel Undead            Necr           0%         3d6       100%        4
 Death Channel            Necr           0%         N/A       100%        6
 Dragon Form              Tmut           0%         N/A       100%        7
 Dragon's Call            Summ           0%         N/A       100%        9

Inventory:

Hand Weapons
 e - a +3 eveningstar (weapon)
 s - a +2 morningstar of holy wrath
 w - a +3 broad axe
Missiles
 k - 908 stones
 m - 34 boomerangs (quivered)
 T - 17 javelins
 U - 6 curare-tipped darts {=f}
 V - 2 throwing nets {=f}
Armour
 a - the +0 kite shield of the Slug {Int+4}
   (You found it on level 4 of the Lair of Beasts)

   Int:       It affects your intelligence (+4).
 H - a +2 plate armour of poison resistance (worn)
 K - a +0 tower shield (worn)
 S - a +2 pair of boots of stealth (worn)
 W - a scarf of resistance (worn)
 X - a +2 pair of gloves (worn)
Jewellery
 l - an amulet of the acrobat
 A - a ring of willpower (right hand)
 C - a ring of protection from cold
 F - a ring of protection from fire
 G - an amulet of guardian spirit (around neck)
 N - a ring of positive energy
 O - a +4 ring of protection
 P - the ring of a Hundred Beasts {rPois SInv}
   (You found it on level 1 of the Vaults)

   [ring of see invisible]

   rPois:     It protects you from poison.
   SInv:      It lets you see invisible.
 Y - a +4 ring of slaying (left hand)
Wands
 b - a wand of acid (17)
 j - a wand of flame (105)
 q - a wand of digging (8)
 u - a wand of polymorph (18)
 I - a wand of iceblast (33)
 J - a wand of paralysis (31)
Scrolls
 c - 6 scrolls of identify {@r1}
 d - 4 scrolls of teleportation {@r4}
 i - 2 scrolls of fog
 p - 2 scrolls of torment {!r}
 t - 3 scrolls of silence {!r}
 D - 6 scrolls of blinking
 R - 4 scrolls of vulnerability {!r}
 Z - 2 scrolls of fear
Potions
 g - 2 potions of curing {@q1}
 h - 3 potions of mutation {!q}
 n - 6 potions of flight
 o - 4 potions of lignification {!q}
 r - 4 potions of attraction {!q}
 v - 6 potions of might
 y - 6 potions of ambrosia
 z - 4 potions of cancellation
 B - 2 potions of resistance
 L - 2 potions of haste {@q3}
Miscellaneous
 E - a condenser vane
 M - a phial of floods

Dungeon Overview and Level Annotations

Branches:
Dungeon (15/15)            Temple (0/1) D:7            Lair (6/6) D:9
  Swamp (4/4) Lair:2        Snake (0/4) Lair:3        Slime (0/5) Lair:6
    Orc (0/2) D:11         Vaults (3/5) D:13          Crypt (0/3) Vaults:2
 Depths (0/5) D:15         Bailey (visited)

Altars:
Cheibriados
Hepliaklqana
Kikubaaqudgha
Sif Muna
Wu Jian
Xom
Yredelemnul
Zin
The Shining One

Shops:
D:1 (   D:15 (   Vaults:1 [

Portals:
Trove: D:10 (give +5 fire dragon scales)

Annotations:
D:4 Ijyb
D:8 1 exclusion
D:14 2 exclusions
Lair:2 exclusion: oklob plant
Lair:3 exclusion: 2 oklob plants
Swamp:3 exclusion: oklob plant

..▓ ▓.. .<.▓... ..... ▓...▓ ▓.c.▓
▓...▓ ▓▓p▓▓▓▓▓▓ ▓cTT....▓
▓..@....▓ ▓.......▓ ▓.......▓
▓+▓▓ ▓.......▓ ▓.. ▓.......▓ ▓.▓
▓.......▓
▓▓▓▓▓+▓▓▓▓▓▓▓▓▓+▓▓+▓+▓▓▓▓▓▓▓▓▓▓▓▓
....)............................
......).....................†....


You could see 2 deep trolls, an ironbound convoker and 2 yaktaurs.


Message History

You block the deep troll's attack. The deep troll barely misses you.
You furiously retaliate!
You headbutt the deep troll! You block the deep troll's attack.
The deep troll claws you!!
* * * LOW HITPOINT WARNING * * *
You block the deep troll's attack. The deep troll completely misses you.
The deep troll claws you.
* * * LOW HITPOINT WARNING * * *
The yaktaur hits you but does no damage.
The yaktaur wields a +0 arbalest.
The yaktaur shoots a bolt.
You block the bolt. You block the deep troll's attack.
The deep troll claws you but does no damage.
You block the deep troll's attack. x2
The deep troll claws you but does no damage.
The deep troll claws you.
* * * LOW HITPOINT WARNING * * *
Things that are here:
a +0 arbalest; 25 bolts
As you read the scroll of teleportation {@r4}, it crumbles to dust.
You feel strangely unstable. You block the deep troll's attack. x2
The deep troll barely misses you.
The yaktaur shoots a bolt.
The bolt hits you!
* * * LOW HITPOINT WARNING * * *
The deep troll bites you!
* * * LOW HITPOINT WARNING * * *
The deep troll claws you!
* * * LOW HITPOINT WARNING * * *
The deep troll claws you but does no damage.
The deep troll bites you!
* * * LOW HITPOINT WARNING * * *
The deep troll claws you!!
You die...

Skill      XL: |  1  2  3  4  5  6  7  8  9 10 11 12 13 14 15 16 17 18 19 |
---------------+----------------------------------------------------------+-----
Fighting       | 4 5 6 7 8 9 10 11 12 13 14 15 16 17 | 17.3
Axes           | 4 5 6 7 8 9 10 11 12 13 14 15 | 15.7
Armour         | 3 5 7 8 10 11 12 13 14 15 16 | 16.6
Throwing       | 1 2 3 4 5 6 7 8 9 10 11 | 11.3
Dodging        | 3 4 6 8 9 11 12 13 14 | 14.9
Long Blades    | 1 3 5 6 |  6.8
Crossbows      | 1 |  1.6
Evocations     | 7 8 9 10 11 | 11.4
Shields        | 5 11 12 13 14 15 | 15.0
Maces & Flails | 3 4 |  4.6

Action                   |  1- 3 |  4- 6 |  7- 9 | 10-12 | 13-15 | 16-18 | 19-21 || total
-------------------------+-------+-------+-------+-------+-------+-------+-------++-------
Melee: Hand axe          |    70 |    54 |    13 |       |       |       |       ||   137
       Headbutt          |    12 |     7 |    46 |    83 |   279 |   371 |    20 ||   818
       War axe           |       |       |   155 |       |       |       |       ||   155
       Bite              |       |       |    17 |       |       |       |       ||    17
       Unarmed           |       |       |     1 |       |       |       |       ||     1
       Scimitar          |       |       |    52 |   194 |     6 |       |       ||   252
       Halberd           |       |       |       |     9 |       |       |       ||     9
       Battleaxe         |       |       |       |   182 |   232 |       |       ||   414
       Broad axe         |       |       |       |    10 |   388 |   447 |    19 ||   864
       Morningstar       |       |       |       |       |    11 |    19 |       ||    30
       Eveningstar       |       |       |       |       |   512 |   813 |    43 ||  1368
 Fire: Shortbow          |       |       |       |    14 |       |       |       ||    14
       Arbalest          |       |       |       |    26 |       |       |       ||    26
Throw: Dart              |       |       |     2 |     2 |    11 |     6 |       ||    21
       Stone             |       |       |     2 |     3 |       |       |       ||     5
       Boomerang         |       |       |       |     6 |    24 |    25 |     2 ||    57
       Throwing net      |       |       |       |     1 |     3 |       |       ||     4
       Javelin           |       |       |       |       |     1 |    16 |       ||    17
Invok: Berserk           |     3 |     5 |     7 |    23 |    36 |    29 |     1 ||   104
       Trog's Hand       |       |       |     3 |     3 |    11 |    14 |       ||    31
       Brothers in Arms  |       |       |       |     2 |     3 |     1 |       ||     6
Evoke: Wand              |       |       |    10 |    16 |     2 |     8 |       ||    36
       Condenser vane    |       |       |       |       |     1 |     6 |     1 ||     8
  Use: Scroll            |     3 |       |     6 |    11 |    13 |     7 |     1 ||    41
       Potion            |       |       |     1 |     1 |     3 |     8 |       ||    13
Armor: Animal skin       |    12 |       |       |       |       |       |       ||    12
       Leather armour    |     8 |       |       |       |       |       |       ||     8
       Ring mail         |     2 |    11 |     1 |       |       |       |       ||    14
       Chain mail        |       |       |    89 |   267 |       |    20 |       ||   376
       Plate armour      |       |       |       |    29 |   436 |   376 |    34 ||   875
       Swamp dragon scal |       |       |       |       |   116 |   120 |       ||   236
Dodge: Dodged            |    39 |    23 |    88 |   285 |   594 |   571 |    33 ||  1633
Block: Kite shield       |       |       |       |       |   649 |   747 |       ||  1396
       Tower shield      |       |       |       |       |       |   156 |    81 ||   237
       Rpst.: Scimitar   |       |       |     9 |    50 |       |       |       ||    59

Levels and vault maps discovered:
D:1:      dpeg_arrival_simpleton_a, layout_basic, serial_shops, shop,
          hellmonk_ecumenical_altar_crossroads
D:2:      layout_loops_ring, minmay_distorted
D:3:      layout_rooms, kennysheep_generic_room_4
D:4:      layout_rooms, cheibrodos_worm_habitat, hangedman_decor_slide_cut,
          uniq_grinder, uniq_ijyb
D:5:      minmay_spotlight, layout_loops_ring, mainiacjoe_overflow_paths
D:6:      layout_loops_ring, jmf_multi_god_temple, portal_sewer_entry_d
D:7:      cheibrodos_two_vegetables, layout_loops_ring, old_standard_altar,
          temple_green
D:8:      layout_basic, mainiacjoe_overflow_divided_tiny, serial_corexii_hall,
          chequers_hall_statues_corner_a, corexii_hall_statues_x, enter_bailey_6
D:9:      layout_basic, mainiacjoe_overflow_six_doors_small,
          david_lair_shrubbed, minmay_orc_keep
D:10:     layout_rooms, special_room [special_room_bee], enter_trove_3
D:11:     layout_small_grid, erik_orc_2, grunt_ministairs_11
D:12:     layout_basic
D:13:     layout_rooms, david_vaults_4
D:14:     cheibrodos_tormentor_scu, layout_loops_ring,
          hangedman_decor_cross_pass, chequers_serial_rivers_large_a,
          uniq_josephine
D:15:     grunt_enter_depths_snipers, layout_cave_pools, minmay_splitting_lines,
          serial_shops, shop
Lair:1:   layout_chaotic_city, serial_bayou_shore_a, grunt_megastairs_1
Lair:2:   layout_roguey, swamp_mist, basic_altar, minmay_lair_oklob_chamber
Lair:3:   regret_index_harrowing_hell_hive, layout_loops_ring,
          guppyfry_snake_entry_garden, infiniplex_staircase_pool_2,
          lemuel_fruit_tree
Lair:4:   layout_regular_city, guppyfry_lair_drakes
Lair:5:   layout_hall_layers, serial_bayou_crossing, uniq_urug
Lair:6:   hangedman_lair_tendril_chambers, layout_regular_city,
          guppyfry_lair_end_dragon, minmay_slime_entry_jelly_boxes,
          serial_bayou_shore_b, uniq_sonja
Swamp:1:  nicolae_swamp_wrong_neighborhood, layout_basic_swamp,
          nicolae_swamp_orc_logging_accident, nicolae_swamp_baby_hydras
Swamp:2:  layout_basic_swamp, evilmike_swamp_ruin_house_3
Swamp:3:  layout_basic_swamp, serial_swamp_ruin, evilmike_swamp_ruin_house_5,
          evilmike_swamp_ruin_rubble_1, nicolae_swamp_oklob_treasure_island,
          uniq_kirke
Swamp:4:  nzn_swamp_witches_coven, layout_basic_swamp, swamp_pool4
Vaults:1: hangedman_vaults_corner, nicolae_vaults_quartermaster,
          nicolae_vaults_mini_display_case, hangedman_vaults_stretched_pinwheel,
          v_misc_4, nicolae_vaults_network_quincunx
          [nicolae_vaults_network_quincunx_subvault,
          nicolae_vaults_network_quincunx_subvault,
          nicolae_vaults_network_quincunx_subvault,
          nicolae_vaults_network_quincunx_subvault,
          nicolae_vaults_network_quincunx_subvault], vaults_room_grid,
          ontoclasm_vaults_gateway, hangedman_vaults_hat, v_misc_14,
          ontoclasm_vaults_pinch, nicolae_vaults_network_quinsquares
          [nicolae_vaults_network_quincunx_subvault,
          nicolae_vaults_network_quincunx_subvault,
          nicolae_vaults_network_quincunx_subvault,
          nicolae_vaults_network_quincunx_subvault], grunt_vaults_hallway_long,
          v_misc_13, nicolae_vaults_ring_of_whatevers, vaults_room_pools,
          layout_vaults_maze, serial_shops, nicolae_shop_crystal
Vaults:2: nicolae_vaults_windows_and_doors_thing,
          minmay_crypt_entry_skeletal_spiral, v_misc_18,
          nicolae_vaults_alarming, vaults_room_corners, vaults_room_hallway,
          nicolae_vaults_theta, st_lines, vaults_dpeg_encased_lava,
          layout_vaults_big_room
Vaults:3: nicolae_vaults_circle_grid_a, grunt_vaults_focal,
          nicolae_vaults_yaktaur_gun_rack, hangedman_vaults_locks,
          ontoclasm_vaults_idyll, nicolae_vaults_big_ls,
          nicolae_vaults_little_squares_4, hangedman_vaults_pinch,
          grunt_vaults_hallway_long, v_misc_9, v_misc_26,
          layout_vaults_omnicross

Notes
Turn   | Place    | Note
-------+----------+-------------------------------------------
     0 | D:1      | agentchuck the Minotaur Berserker began the quest for the
                  | Orb.
     0 | D:1      | Reached XP level 1. HP: 19/19 MP: 0/0
   150 | D:1      | Reached skill level 4 in Fighting
   150 | D:1      | Reached skill level 4 in Axes
   150 | D:1      | Reached XP level 2. HP: 27/27 MP: 1/1
   173 | D:1      | Found a faded altar of an unknown god.
  1182 | D:1      | Found Xaitaw's Antique Weapon Shop.
  1386 | D:2      | Reached XP level 3. HP: 34/34 MP: 2/2
  1391 | D:2      | Reached ** piety under Trog
  1997 | D:3      | Noticed a black bear
  2198 | D:3      | Killed a black bear
  2199 | D:3      | Reached skill level 5 in Fighting
  2199 | D:3      | Reached skill level 5 in Axes
  2199 | D:3      | Reached XP level 4. HP: 42/42 MP: 3/3
  2283 | D:3      | Reached XP level 5. HP: 48/48 MP: 4/4
  3010 | D:4      | Noticed a phantom
  3017 | D:4      | Killed a phantom
  3018 | D:4      | Reached skill level 6 in Fighting
  3018 | D:4      | Reached skill level 6 in Axes
  3098 | D:4      | Reached XP level 6. HP: 58/58 MP: 5/5
  3320 | D:4      | Noticed Grinder
  3327 | D:4      | Killed Grinder
  3328 | D:4      | Reached skill level 7 in Fighting
  3328 | D:4      | Reached skill level 7 in Axes
  3328 | D:4      | Reached XP level 7. HP: 66/66 MP: 6/6
  3366 | D:4      | Noticed Ijyb
  3394 | D:4      | Found a snail-covered altar of Cheibriados.
  3758 | D:1      | Bought a war axe for 77 gold pieces
  3852 | D:5      | Entered Level 5 of the Dungeon
  3873 | D:5      | Found a shimmering altar of Xom.
  3875 | D:5      | Noticed a shadow
  3888 | D:5      | Killed a shadow
  3889 | D:5      | Reached skill level 3 in Armour
  4523 | D:5      | Reached skill level 1 in Throwing
  4523 | D:5      | Reached skill level 3 in Dodging
  4542 | D:5      | Reached skill level 8 in Fighting
  4838 | D:5      | Gained mutation: You possess an exceptional clarity of
                  | mind. [potion of mutation]
  4838 | D:5      | Gained mutation: Armour fits poorly on your strangely
                  | shaped body. [potion of mutation]
  4838 | D:5      | Lost mutation: You possess an exceptional clarity of mind.
                  | [potion of mutation]
  4838 | D:5      | Gained mutation: You have very sharp teeth. [potion of
                  | mutation]
  4912 | D:6      | Reached skill level 8 in Axes
  5115 | D:6      | Reached XP level 8. HP: 40/74 MP: 5/7
  5319 | D:6      | Reached skill level 4 in Armour
  5570 | D:6      | Reached skill level 4 in Dodging
  5584 | D:6      | Reached skill level 2 in Throwing
  5587 | D:6      | Noticed a cyan ugly thing
  5594 | D:6      | Killed a cyan ugly thing
  5595 | D:6      | Reached skill level 9 in Fighting
  5595 | D:6      | Reached skill level 9 in Axes
  5595 | D:6      | Reached skill level 5 in Armour
  5795 | D:6      | Reached XP level 9. HP: 83/83 MP: 8/8
  5796 | D:6      | Reached skill level 5 in Dodging
  5798 | D:6      | Reached *** piety under Trog
  6124 | D:6      | Found an ornate altar of the Wu Jian Council.
  6124 | D:6      | Found a shimmering blue altar of Sif Muna.
  6272 | D:7      | Found a staircase to the Ecumenical Temple.
  6319 | D:7      | Found an ancient bone altar of Kikubaaqudgha.
  6319 | D:7      | Noticed a kobold demonologist
  6329 | D:7      | Killed a kobold demonologist
  6331 | D:7      | Reached skill level 3 in Throwing
  6331 | D:7      | Reached skill level 6 in Armour
  6780 | D:7      | Reached skill level 6 in Dodging
  7816 | D:7      | Reached skill level 10 in Fighting
  8094 | D:8      | Found a hazy altar of Hepliaklqana.
  8095 | D:8      | Found a glowing silver altar of Zin.
  8143 | D:8      | Reached skill level 7 in Armour
  8392 | D:8      | Reached skill level 10 in Axes
  8402 | D:8      | Found a flagged portal.
  8438 | Bailey   | Entered a bailey
  8445 | Bailey   | Reached skill level 1 in Long Blades
  8450 | Bailey   | Noticed an orc knight
  8465 | Bailey   | Reached XP level 10. HP: 31/93 MP: 5/9
  8724 | Bailey   | an orc knight changed into a redback
  8862 | Bailey   | Lost mutation: Armour fits poorly on your strangely shaped
                  | body. [potion of mutation]
  8862 | Bailey   | Lost mutation: You have very sharp teeth. [potion of
                  | mutation]
  8862 | Bailey   | Gained mutation: You expend magic power (3 MP) to
                  | strengthen your wands. [potion of mutation]
  8862 | Bailey   | Gained mutation: You have sharp fingernails. [potion of
                  | mutation]
  9180 | Bailey   | Reached skill level 4 in Throwing
  9180 | Bailey   | Reached **** piety under Trog
  9269 | Bailey   | Reached skill level 7 in Dodging
  9403 | D:8      | Reached skill level 2 in Long Blades
 10019 | D:9      | Noticed a two-headed ogre
 10041 | D:9      | Killed a two-headed ogre
 10042 | D:9      | Reached skill level 8 in Armour
 10275 | D:9      | Found a glowing golden altar of the Shining One.
 10284 | D:9      | Reached skill level 11 in Fighting
 10294 | D:9      | Reached skill level 3 in Long Blades
 10592 | D:9      | Identified the +1 leather armour "Lunof" {Will++ Int+2}
 10637 | D:9      | Reached skill level 8 in Dodging
 10667 | D:9      | Identified the +2 dagger of Taumiaxa {speed, rPois rF+}
 11150 | D:9      | Reached XP level 11. HP: 102/102 MP: 7/10
 11314 | D:9      | Found a staircase to the Lair.
 11337 | D:9      | Reached skill level 9 in Armour
 11337 | D:9      | Noticed a two-headed ogre
 11345 | D:9      | Killed a two-headed ogre
 11346 | D:9      | Reached skill level 5 in Throwing
 11511 | D:9      | Reached ***** piety under Trog
 11800 | D:10     | Entered Level 10 of the Dungeon
 11810 | D:10     | Reached skill level 4 in Long Blades
 12198 | D:10     | Reached skill level 9 in Dodging
 12299 | D:10     | Found a portal to a secret trove of treasure.
 12723 | D:11     | Received a gift from Trog
 12724 | D:11     | Reached skill level 12 in Fighting
 12725 | D:11     | Reached skill level 11 in Axes
 12725 | D:11     | Reached skill level 10 in Armour
 12803 | D:11     | Found a staircase to the Orcish Mines.
 13178 | D:11     | Reached skill level 5 in Long Blades
 13217 | D:11     | Noticed an eight-headed hydra
 13228 | D:11     | Killed an eight-headed hydra
 13317 | D:11     | Noticed a two-headed ogre
 13323 | D:11     | Killed a two-headed ogre
 13373 | D:11     | Noticed a boulder beetle
 13390 | D:11     | Killed a boulder beetle
 13391 | D:11     | Reached XP level 12. HP: 94/113 MP: 9/11
 13969 | D:12     | Reached skill level 6 in Throwing
 14602 | D:12     | Reached skill level 10 in Dodging
 14887 | D:12     | Noticed a boulder beetle
 14894 | D:12     | Killed a boulder beetle
 15054 | D:13     | Noticed a death knight
 15141 | D:13     | Noticed a centaur warrior
 15179 | D:12     | Reached skill level 11 in Armour
 15331 | D:13     | Killed a centaur warrior
 15332 | D:13     | Reached skill level 6 in Long Blades
 15632 | D:13     | Reached skill level 13 in Fighting
 15793 | D:13     | Killed a death knight
 16764 | D:13     | Noticed a six-headed hydra
 16988 | Lair:1   | Entered Level 1 of the Lair of Beasts
 17584 | Lair:1   | Reached skill level 1 in Crossbows
 17738 | Lair:1   | Reached skill level 11 in Dodging
 18103 | Lair:2   | Found a basalt altar of Yredelemnul.
 18104 | Lair:2   | Noticed a five-headed hydra
 18110 | Lair:2   | Killed a five-headed hydra
 18111 | Lair:2   | Reached XP level 13. HP: 122/122 MP: 0/12
 18260 | Lair:2   | Reached skill level 1 in Evocations
 18264 | Lair:2   | Reached skill level 2 in Evocations
 19083 | Lair:2   | Reached skill level 3 in Evocations
 19340 | Lair:2   | Reached skill level 4 in Evocations
 19622 | Lair:2   | Found a staircase to the Swamp.
 19822 | Lair:3   | Reached skill level 5 in Evocations
 20178 | D:1      | Bought a runed morningstar for 154 gold pieces
 20480 | Lair:3   | Reached skill level 6 in Evocations
 20799 | Lair:3   | Found a staircase to the Snake Pit.
 20875 | Lair:3   | Identified a scarf of resistance
 20909 | Lair:3   | Reached skill level 7 in Evocations
 21072 | Lair:3   | Reached skill level 12 in Axes
 21072 | Lair:3   | Reached skill level 12 in Armour
 22581 | Lair:4   | Identified the +0 kite shield of the Slug {Int+4}
 22651 | Lair:4   | Reached skill level 1 in Shields
 22831 | Lair:4   | Reached skill level 2 in Shields
 23136 | Lair:4   | Reached skill level 3 in Shields
 23459 | Lair:4   | Reached skill level 4 in Shields
 23810 | Lair:5   | Reached skill level 5 in Shields
 23810 | Lair:5   | Reached XP level 14. HP: 130/130 MP: 13/13
 24208 | Lair:5   | Identified a potion of resistance
 24220 | Lair:5   | Reached skill level 6 in Shields
 24496 | Lair:5   | Noticed Urug
 24507 | Lair:5   | Killed Urug
 24882 | Lair:6   | Entered Level 6 of the Lair of Beasts
 24897 | Lair:5   | Reached skill level 7 in Shields
 25049 | Lair:6   | Reached skill level 8 in Shields
 25324 | Lair:6   | Received a gift from Trog
 25327 | Lair:6   | Reached skill level 9 in Shields
 25857 | Lair:6   | Reached skill level 10 in Shields
 26150 | Lair:6   | Reached skill level 14 in Fighting
 26363 | Lair:6   | Reached skill level 7 in Throwing
 26729 | Lair:6   | Noticed Sonja
 26737 | Lair:6   | Killed Sonja
 27622 | Lair:5   | Reached skill level 11 in Shields
 28351 | Lair:5   | Reached XP level 15. HP: 135/139 MP: 8/14
 28395 | Lair:6   | Reached skill level 12 in Dodging
 28464 | Lair:6   | Found a staircase to the Slime Pits.
 28778 | Lair:6   | Received a gift from Trog
 28845 | Lair:6   | Reached skill level 13 in Armour
 29074 | Lair:6   | Reached skill level 13 in Axes
 29669 | Swamp:1  | Entered Level 1 of the Swamp
 29708 | Swamp:1  | Reached skill level 8 in Evocations
 30338 | Swamp:1  | Reached skill level 8 in Throwing
 30597 | Swamp:1  | Identified the +3 leather armour of Autotheism {Int+2 Dex+5
                  | Stlth+}
 31005 | Swamp:1  | Reached skill level 1 in Maces & Flails
 31602 | Swamp:2  | Reached skill level 2 in Maces & Flails
 33077 | Swamp:3  | Received a gift from Trog
 33320 | Swamp:3  | Noticed Kirke
 33331 | Swamp:3  | Killed Kirke
 33332 | Swamp:3  | Reached skill level 3 in Maces & Flails
 33333 | Swamp:3  | Reached skill level 15 in Fighting
 33333 | Swamp:3  | Reached skill level 12 in Shields
 34608 | Swamp:4  | Entered Level 4 of the Swamp
 34608 | Swamp:4  | Noticed a thorn hunter
 34628 | Swamp:4  | Reached XP level 16. HP: 83/149 MP: 8/15
 34962 | Swamp:4  | Killed a thorn hunter
 35561 | Swamp:4  | Reached skill level 9 in Throwing
 35569 | Swamp:4  | Reached skill level 9 in Evocations
 36102 | Swamp:4  | Reached skill level 14 in Armour
 36383 | Swamp:4  | Reached skill level 13 in Dodging
 36736 | Swamp:4  | Noticed a thorn hunter
 36746 | Swamp:4  | Killed a thorn hunter
 36952 | Swamp:4  | Noticed a thorn hunter
 36969 | Swamp:4  | Killed a thorn hunter
 38466 | Swamp:4  | Got a decaying rune of Zot
 38822 | D:14     | Noticed Josephine
 38835 | D:14     | Killed Josephine
 39533 | D:14     | Reached skill level 14 in Axes
 39566 | D:14     | Identified the +8 trident "Fireomn" {vorpal, Fragile Dex+2
                  | SInv}
 40169 | D:14     | Reached skill level 13 in Shields
 40543 | D:15     | Entered Level 15 of the Dungeon
 41073 | D:15     | Reached XP level 17. HP: 82/158 MP: 9/16
 41812 | D:15     | Found Xunkuf's Antique Weapon Emporium.
 42031 | D:15     | Reached skill level 10 in Throwing
 42127 | D:15     | Found a staircase to the Depths.
 42433 | D:13     | Found a gate to the Vaults.
 42440 | Vaults:1 | Entered Level 1 of the Vaults
 42526 | Vaults:1 | Received a gift from Trog
 42719 | Vaults:1 | Identified the ring of a Hundred Beasts {rPois SInv}
 42796 | Vaults:1 | Reached skill level 16 in Fighting
 42908 | Vaults:1 | Reached skill level 10 in Evocations
 43525 | Vaults:1 | Found Kozxuzoe's Armour Shop.
 43900 | Vaults:1 | Received a gift from Trog
 43909 | Vaults:1 | Reached skill level 15 in Armour
 43962 | Vaults:1 | Reached skill level 14 in Dodging
 45764 | Vaults:2 | Received a gift from Trog
 45779 | Vaults:2 | HP: 13/159 [vault warden (11)]
 45794 | Vaults:1 | Reached skill level 14 in Shields
 45794 | Vaults:1 | Reached XP level 18. HP: 37/168 MP: 2/17
 45796 | Vaults:1 | Reached skill level 15 in Axes
 46847 | Vaults:2 | Reached skill level 11 in Throwing
 49099 | Vaults:2 | Reached skill level 11 in Evocations
 49303 | Vaults:2 | Reached ****** piety under Trog
 49383 | Vaults:2 | Received a gift from Trog
 49396 | Vaults:2 | Reached skill level 17 in Fighting
 49626 | Vaults:2 | Found a staircase to the Crypt.
 49800 | Vaults:3 | Reached skill level 16 in Armour
 50497 | Vaults:3 | Reached XP level 19. HP: 92/177 MP: 11/18
 50831 | Vaults:3 | Reached skill level 4 in Maces & Flails
 50831 | Vaults:3 | Received a gift from Trog
 50832 | Vaults:3 | Reached skill level 15 in Shields
 51009 | Vaults:3 | HP: 14/177 [deep troll[an ironbound preserver] (6)]
 51009 | Vaults:3 | Slain by a deep troll

Vanquished Creatures
  A sphinx (Vaults:2)
  2 thorn hunters (Swamp:4)
  Kirke (Swamp:3)
  A shadow dragon (Vaults:2)
  4 fenstrider witches (Swamp:4)
  12 vault wardens
  An orc warlord (Vaults:2)
  2 stone giants
  15 ironbound preservers
  3 very ugly things
  2 entropy weavers
  2 dire elephants
  4 eleionomae (Swamp:1)
  3 bunyips
  Josephine (D:14)
  2 blizzard demons (Swamp:4)
  3 shambling mangroves
  A fire dragon (Lair:6)
  A great orb of eyes (Vaults:1)
  6 yaktaur captains
  18 hydras
  4 ironbound thunderhulks (Vaults:1)
  An ogre mage (Swamp:4)
  6 vault guards
  7 boulder beetles
  A spriggan air mage (Swamp:4)
  12 centaur warriors
  10 alligators
  4 death knights
  3 two-headed ogres
  5 ironbound frosthearts
  3 tengu warriors (D:15)
  18 death yaks
  3 ironbound beastmasters (Vaults:2)
  Urug (Lair:5)
  2 spriggan berserkers (Swamp:4)
  A fire crab (D:15)
  9 skeletal warriors
  5 goliath frogs
  30 deep trolls
  A sixfirhy (Swamp:4)
  A death drake (Swamp:4)
  5 spriggan druids
  6 wizards
  6 lindwurms
  5 bog bodies
  7 swamp dragons
  5 ironbound convokers
  6 orc knights
  A necromancer (Vaults:1)
  14 harpies (Vaults:3)
  A phantasmal warrior (D:13)
  2 deep elf zephyrmancers (Swamp:4)
  2 wolf spiders (Lair:6)
  An orc sorcerer (Swamp:4)
  A manticore (D:13)
  4 deep elf pyromancers
  3 will-o-the-wisps
  19 ugly things
  2 tengu skeletons (Vaults:2)
  4 cyclopes
  3 centaur zombies
  A fire giant skeleton (Vaults:2)
  13 black mambas
  9 vault sentinels
  A guardian serpent (Lair:6)
  2 gargoyles
  An orange demon (Swamp:4)
  A cane toad (shapeshifter) (D:13)
  A torpor snail (Lair:3)
  12 rime drakes
  9 komodo dragons
  An unseen horror (D:12)
  2 efreet
  A hellwing (Swamp:4)
  3 kobold demonologists
  17 cane toads
  28 yaktaurs
  3 elf skeletons (Vaults:2)
  2 human skeletons (Vaults:2)
  4 freezing wraiths
  3 trolls
  A jumping spider (Vaults:1)
  3 meliai (D:14)
  4 polar bears
  11 tyrant leeches
  Grinder (D:4)
  A queen bee (Lair:3)
  11 hornets
  23 slime creatures
  23 blink frogs
  A shadow (D:5)
  5 spriggans
  5 redbacks
  10 wraiths
  63 yaks
  15 wyverns
  7 steam dragons
  3 basilisks
  6 hogs (Swamp:3)
  9 vampire mosquitoes
  16 swamp worms
  An acid dragon (Lair:4)
  4 nagas (Lair:3)
  17 water moccasins
  An ogre skeleton (Vaults:2)
  A sky beast (D:6)
  An ice beast (D:8)
  2 black bears
  24 orc warriors
  An ogre (D:15)
  3 swamp drakes
  A necrophage (D:8)
  13 wolves
  9 boggarts
  4 centaurs
  3 phantoms
  A kobold brigand (D:6)
  2 gnoll sergeants
  2 wyvern zombies
  11 bullfrogs
  2 scorpions
  48 killer bees
  14 wights
  4 howler monkeys
  5 electric eels
  14 jellies
  2 bullfrog skeletons
  14 orc priests
  7 iguanas
  21 orc wizards
  A howler monkey zombie (D:10)
  10 gnolls
  8 adders
  A howler monkey skeleton (D:7)
  A shadow imp (D:5)
  2 worms
  2 dart slugs (D:1)
  64 orcs
  2 bats
  5 endoplasms
  3 giant cockroaches
  4 goblins
  6 hobgoblins
  5 jackals
  2 quokkas
  3 ball pythons (D:1)
  2 frilled lizards
  5 kobolds
  5 rats
  7 briar patches (Swamp:4)
1011 creatures vanquished.

Vanquished Creatures (collateral kills)
  A thorn hunter (Swamp:4)
  A hydra (D:11)
  Sonja (Lair:6)
  A goliath frog (Swamp:4)
  A queen bee (D:10)
  A vampire (D:10)
  A neqoxec (Swamp:4)
  A steam dragon (Lair:6)
  7 killer bees (D:10)
15 creatures vanquished.

Vanquished Creatures (others)
  A wizard (Vaults:1)
  4 bloated husks
  A human (Swamp:3)
  A vampire mosquito (Swamp:1)
  A wolf (Lair:3)
  A killer bee (Lair:3)
  An orc (D:15)
  3 bushes (Lair:6)
  11 foxfires
  61 fungi
  173 plants
258 creatures vanquished.

Grand Total: 1284 creatures vanquished

Table legend: (Time is in decaauts)
 A = Elapsed time spent in this place.
 B = Non-inter-level travel time spent in this place.
 C = Inter-level travel time spent in this place.
 D = Time resting spent in this place.
 E = Time spent auto-exploring this place.
 F = Levels seen in this place.
 G = Mean time per level.
                   A        B        C        D        E       F      G
               +--------+--------+--------+--------+--------+-----+--------+
         Total |  52626 |  49665 |   2961 |  23184 |  15413 |  29 | 1814.7 |
       Dungeon |  21086 |  19329 |   1757 |   6705 |   9180 |  15 | 1405.7 |
          Lair |  12794 |  12143 |    651 |   5529 |   4233 |   6 | 2132.3 |
         Swamp |   9419 |   9013 |    406 |   6090 |    414 |   4 | 2354.8 |
        Vaults |   8339 |   8192 |    147 |   4314 |   1503 |   3 | 2779.7 |
        Bailey |    987 |    987 |      0 |    546 |     82 |   1 |  987.0 |
               +--------+--------+--------+--------+--------+-----+--------+

Top non-repeatable levels by time:
 Swamp:4: 3933 daAuts
  Lair:6: 3767 daAuts
Vaults:1: 3627 daAuts
Vaults:2: 3482 daAuts
    D:14: 2727 daAuts
 Swamp:1: 2463 daAuts
  Lair:2: 2160 daAuts
  Lair:5: 2088 daAuts
     D:9: 1956 daAuts
     D:7: 1859 daAuts
    D:12: 1850 daAuts
  Lair:3: 1847 daAuts
  Lair:4: 1706 daAuts
    D:11: 1700 daAuts
 Swamp:3: 1616 daAuts

Table legend:
 A = Non-vault XP
 B = Vault XP
 C = Vault XP percentage of total XP
 D = Non-vault monster count
 E = Vault monster count
 F = Vault count percentage of total count
                 A         B        C        D         E       F
            +---------+---------+-------+---------+---------+-------
      Total |  247406 |  148195 |  37.5 |     654 |     369 |  36.1
            +---------+---------+-------+---------+---------+-------
        D:1 |      39 |       0 |   0.0 |      21 |       0 |   0.0
        D:2 |      15 |       4 |  21.1 |       7 |       2 |  22.2
        D:3 |     185 |       0 |   0.0 |      16 |       0 |   0.0
        D:4 |     349 |     291 |  45.5 |      14 |       2 |  12.5
        D:5 |     404 |       6 |   1.5 |      10 |       2 |  16.7
        D:6 |    1055 |     646 |  38.0 |      17 |       3 |  15.0
        D:7 |    1518 |     321 |  17.5 |      25 |       6 |  19.4
        D:8 |    1100 |       0 |   0.0 |      25 |       0 |   0.0
        D:9 |    4768 |     637 |  11.8 |      30 |      10 |  25.0
       D:10 |    2037 |    1382 |  40.4 |      16 |      24 |  60.0
       D:11 |    5409 |     748 |  12.1 |      17 |      24 |  58.5
       D:12 |    5690 |       0 |   0.0 |      17 |       0 |   0.0
       D:13 |    4780 |    2686 |  36.0 |      16 |       4 |  20.0
       D:14 |   11381 |    5518 |  32.7 |      23 |      11 |  32.4
       D:15 |   10782 |    3149 |  22.6 |      20 |       3 |  13.0
     Lair:1 |    2524 |    1266 |  33.4 |      11 |       5 |  31.2
     Lair:2 |    5857 |     119 |   2.0 |      21 |       1 |   4.5
     Lair:3 |    9476 |    5845 |  38.2 |      39 |      48 |  55.2
     Lair:4 |    4167 |     827 |  16.6 |      16 |       4 |  20.0
     Lair:5 |   14109 |     835 |   5.6 |      25 |       1 |   3.8
     Lair:6 |   18302 |   14713 |  44.6 |      41 |      65 |  61.3
    Swamp:1 |    9534 |   10401 |  52.2 |      28 |      10 |  26.3
    Swamp:2 |    6104 |       0 |   0.0 |      15 |       0 |   0.0
    Swamp:3 |   11683 |    3275 |  21.9 |      21 |       7 |  25.0
    Swamp:4 |   17597 |   23599 |  57.3 |      29 |      25 |  46.3
   Vaults:1 |   26581 |   32042 |  54.7 |      41 |      44 |  51.8
   Vaults:2 |   37490 |   27166 |  42.0 |      51 |      36 |  41.4
   Vaults:3 |   34470 |   11188 |  24.5 |      42 |      14 |  25.0
     Bailey |       0 |    1531 | 100.0 |       0 |      18 | 100.0
            +---------+---------+-------+---------+---------+-------
